 Dungeon Crawl Stone Soup version 0.30.1-11-g7821555f0a (webtiles) character file.

Game seed: 3826628197900848060

599 KittyFluff the Cudgeller (level 7, 0/66 HPs)
             Began as a Gargoyle Berserker on Nov 6, 2023.
             Was a Priest of Trog.
             Slain by a gnoll
             ... wielding a +0 halberd
              (9 damage)
             ... on level 4 of the Dungeon.
             The game lasted 00:10:49 (2730 turns).

KittyFluff the Cudgeller (Gargoyle Berserker)       Turns: 2730, Time: 00:10:50

Health: 0/66       AC: 13    Str: 22    XL:     7   Next: 41%
Magic:  7/7        EV: 10    Int:  8    God:    Trog [***...]
Gold:   303        SH:  6    Dex:  9    Spells: 6/6 levels left

rFire   . . .        a - +0 mace
rCold   . . .        t - +0 kite shield
rNeg    + . .        r - +2 robe {Archmagi}
rPois   ∞            n - +0 helmet
rElec   +            u - +0 cloak
rCorr   .            (no gloves)
SInv    +            z - +0 pair of boots
Will    .....        (no amulet) Stlth
                     l - ring of see invisible
HPRegen 0.31/turn    (no ring)
MPRegen 0.10/turn

%: archmagi
@: berserking, very quick
A: sickness immunity, AC +4, negative energy resistance 1, electricity
resistance, torment resistance 1, petrification resistance
a: Renounce Religion, Berserk, Trog's Hand


You were on level 4 of the Dungeon.
You worshipped Trog.
Trog was most pleased with you.
You visited 1 branch of the dungeon, and saw 4 of its levels.

You collected 303 gold pieces.

Inventory:

Hand Weapons
 a - a +0 mace (weapon)
Missiles
 j - 13 poisoned darts (quivered)
 y - 2 boomerangs
Armour
 n - a +0 helmet (worn)
 o - a +0 leather armour
 r - a +2 robe of the Archmagi (worn)
 t - a +0 kite shield (worn)
 u - a +0 cloak (worn)
 w - the +5 plate armour "Ukoanool" {rCorr Int+2 SInv}
   (You found it on level 4 of the Dungeon)

   Int:       It affects your intelligence (+2).
   SInv:      It lets you see invisible.
   rCorr:     It protects you from acid and corrosion.
 z - a +0 pair of boots (worn)
Jewellery
 l - a ring of see invisible (left hand)
Wands
 q - a wand of polymorph (10)
 x - a wand of flame (24)
Scrolls
 c - 4 scrolls of immolation
 e - 3 scrolls of teleportation {unknown}
 h - a scroll of amnesia {unknown}
 i - 2 scrolls of identify {unknown}
 m - a scroll of vulnerability {unknown}
 s - a scroll of poison {unknown}
Potions
 b - a potion of attraction {unknown}
 d - 2 potions of lignification {unknown}
 f - 3 potions of might {unknown}
 g - a potion of resistance {unknown}
 k - 3 potions of curing {unknown}
 p - a potion of degeneration {unknown}
 v - a potion of magic {unknown}


   Skills:
 + Level 4.8 Fighting
 * Level 5.3 Maces & Flails
 * Level 5.3 Armour
 - Level 2.8 Dodging
 + Level 0.6 Shields


You had 6 spell levels left.
You didn't know any spells.
Your spell library was empty.

Dungeon Overview and Level Annotations

Branches:
Dungeon (4/15)             Temple (0/1) D:4

Altars:
Ru
Vehumet
Yredelemnul


Innate Abilities, Weirdness & Mutations

You are immune to sickness and miasma.
Your stone body is resilient. (AC +4)
You are immune to poison.
You resist negative energy. (rN+)
You are resistant to electric shocks. (rElec)
You are resistant to unholy torment.
You are immune to petrification.


Message History

Found a murky golden potion.
The gnoll shouts!
A gnoll comes into view.
It is wielding a +0 whip. 2 gnolls come into view.
The gnoll shouts! x2
You see here 3 gold pieces.
You see here 3 gold pieces.
You now have 303 gold pieces (gained 3).
The gnoll closely misses you. You block the gnoll's attack.
You block the gnoll's attack. The gnoll hits you but does no damage.
The gnoll hits you from afar with a +0 halberd.
You barely miss the gnoll. The gnoll misses you.
The gnoll hits you with a +0 halberd! The gnoll barely misses you.
You completely miss the gnoll. You block the gnoll's attack.
The gnoll hits you with a +0 halberd!
The gnoll hits you from afar with a +0 halberd.
You sock the gnoll!
The gnoll is severely wounded.
The gnoll hits you with a +0 halberd! You block the gnoll's attack.
The gnoll barely misses you. The gnoll closely misses you.
The gnoll hits you but does no damage. The gnoll hits you with a +0 halberd.
* * * LOW HITPOINT WARNING * * *
A red film seems to cover your vision as you go berserk!
You feel yourself moving faster!
You feel mighty! The gnoll misses you. The gnoll hits you with a +0 halberd!
* * * LOW HITPOINT WARNING * * *
The gnoll barely misses you.
You barely miss the gnoll.
The gnoll is severely wounded.
You closely miss the gnoll.
The gnoll is severely wounded.
The gnoll closely misses you. You block the gnoll's attack.
The gnoll barely misses you.
You closely miss the gnoll.
The gnoll is severely wounded.
The gnoll closely misses you. The gnoll hits you with a +0 halberd.
* * * LOW HITPOINT WARNING * * *
The gnoll hits you from afar with a +0 halberd!
You die...

######.#####.#..............#....
[....#.........##...........#####
.....#######...##...).......###
.....# #...#......######....#
.....# #.###...### ####.# .....#
#.....#..###########.### .....##
#####.#...#........#.... ......#
#.##g.#........##### #####.#
#..@gg......... # #.####
#######........ # # #####....#
#........ . # .........#
#........###.# .......).#
#....!...+...# .........###
#........ #.. ...........####
#........ #.# ...............
#........###.# ...........###.#
.. #....


You could see 3 gnolls.

Vanquished Creatures
  Grinder (D:3)
  The ghost of Zhuub the Ruffian, an amateur DrTm (D:3)
  A phantom (D:4)
  Terence (D:2)
  Jessica (D:3)
  A scorpion zombie (D:3)
  3 adders
  2 ufetubi (D:4)
  An adder skeleton (D:3)
  A worm (D:2)
  3 dart slugs
  5 orcs
  7 bats
  2 endoplasms
  5 giant cockroaches
  7 goblins
  5 hobgoblins
  7 jackals
  5 quokkas
  7 ball pythons
  10 kobolds
  4 rats
80 creatures vanquished.

Notes
Turn   | Place    | Note
-------+----------+-------------------------------------------
     0 | D:1      | KittyFluff the Gargoyle Berserker began the quest for the
                  | Orb.
     0 | D:1      | Reached XP level 1. HP: 14/14 MP: 1/1
   131 | D:1      | Reached XP level 2. HP: 19/19 MP: 2/2
   677 | D:1      | Reached XP level 3. HP: 23/23 MP: 3/3
   778 | D:2      | Found a basalt altar of Yredelemnul.
   851 | D:2      | Reached ** piety under Trog
  1115 | D:2      | Reached XP level 4. HP: 27/29 MP: 4/4
  1419 | D:3      | Noticed Terence
  1468 | D:2      | Killed Terence
  1505 | D:3      | Reached XP level 5. HP: 18/33 MP: 5/5
  1659 | D:3      | Found a radiant altar of Vehumet.
  1712 | D:3      | Noticed Grinder
  1719 | D:3      | Paralysed by Grinder for 4 turns
  1733 | D:3      | Killed Grinder
  1734 | D:3      | Reached XP level 6. HP: 39/39 MP: 6/6
  1842 | D:3      | Found a sacrificial altar of Ru.
  1874 | D:3      | Noticed Jessica
  1883 | D:3      | Killed Jessica
  1932 | D:3      | Found a runed translucent door.
  1934 | D:3      | Noticed Zhuub's ghost (amateur DrTm)
  1978 | D:3      | Killed Zhuub's ghost
  1979 | D:3      | Reached skill level 5 in Maces & Flails
  1979 | D:3      | Reached skill level 5 in Armour
  1979 | D:3      | Reached XP level 7. HP: 44/44 MP: 7/7
  2150 | D:4      | Reached *** piety under Trog
  2327 | D:4      | Identified the +5 plate armour "Ukoanool" {rCorr Int+2
                  | SInv}
  2616 | D:4      | Found a staircase to the Ecumenical Temple.
  2730 | D:4      | Slain by a gnoll

Illustrated notes

Levels and vault maps discovered:
D:1:      tarquinn_simple_flora_water_e, layout_loops_cross
D:2:      wander_river, layout_rooms, basic_altar
D:3:      layout_basic, lemuel_tele_altar, overflow_temple_1_default,
          gammafunk_ghost_grave, serial_undead, serial_undead_e,
          serial_undead_b, serial_undead_a, serial_undead_d, uniq_grinder,
          uniq_terence, uniq_jessica
D:4:      layout_basic, minmay_temple_entry_overgrown

Skill      XL: |  1  2  3  4  5  6 |
---------------+-------------------+-----
Armour         | 3 4 5 |  5.3
Dodging        | 2 |  2.8
Maces & Flails | 4 5 |  5.3
Fighting       | 4 |  4.8
Shields        | |  0.6

Action                     |  1- 3 |  4- 6 |  7- 9 || total
---------------------------+-------+-------+-------++-------
  Melee: Mace              |   139 |   119 |    34 ||   292
         Punch             |     1 |     2 |       ||     3
 Invoke: Berserk           |       |     2 |     1 ||     3
    Use: Scroll            |       |       |     1 ||     1
 Armour: Animal skin       |    51 |     5 |       ||    56
         Leather armour    |       |    51 |       ||    51
         Robe              |       |    10 |    15 ||    25
  Dodge: Dodged            |   122 |    68 |    30 ||   220
  Block: Kite shield       |       |       |    18 ||    18
